 Dungeon Crawl Stone Soup version 0.25.1-2-g60ff931df9 (webtiles) character file.

Game seed: 6052532828396844481

259 Allula97 the Skirmisher (level 5, 0/42 HPs)
             Began as a Demonspawn Monk on Nov 11, 2020.
             Was a Believer of Ashenzari.
             Slain by a phantom (6 damage)
             ... on level 4 of the Dungeon.
             The game lasted 00:16:44 (3197 turns).

Allula97 the Skirmisher (Demonspawn Monk)           Turns: 3197, Time: 00:16:45

Health: 0/42       AC:  4    Str: 12    XL:     5   Next: 94%
Magic:  0/5        EV: 13    Int: 11    God:    Ashenzari [**....]
Gold:   164        SH:  8    Dex: 16    Spells: 4/4 levels left

rFire    . . .     SeeInvis .   a - +0 falchion
rCold    . . .     Gourm    .   s - +0 buckler
rNeg     . . .     Faith    .   h - +0 leather armour
rPois    .         Spirit   +   (no helmet)
rElec    .         Reflect  +   (no cloak)
rCorr    .         Harm     .   (no gloves)
MR       .....                  i - +0 pair of boots
Stlth    ++........             p - amulet of reflection (curse)
HPRegen  0.14/turn              (no ring)
MPRegen  0.09/turn              (no ring)

@: no status effects
A: claws 1, hooves 1, magic shield
a: Curse Item, Scrying, Renounce Religion


You were on level 4 of the Dungeon.
You worshipped Ashenzari.
Ashenzari was pleased with you.
You were hungry.

You visited 1 branch of the dungeon, and saw 4 of its levels.

You collected 164 gold pieces.

Inventory:

Hand Weapons
 a - a +0 falchion (weapon)
Missiles
 d - 4 silver javelins (quivered)
 o - 5 boomerangs
Armour
 h - a +0 leather armour (worn)
 i - a +0 pair of boots (worn)
 s - a +0 buckler (worn)
Jewellery
 p - a cursed amulet of reflection (around neck)
Scrolls
 e - 2 scrolls of fear {unknown}
 f - 2 scrolls of fog
 j - 2 scrolls of amnesia
 k - a scroll of blinking
 l - 3 scrolls of identify {unknown}
 m - a scroll of enchant weapon {unknown}
 n - a scroll of magic mapping {unknown}
Potions
 b - 4 potions of curing {unknown}
 g - a potion of might
 q - a potion of invisibility {unknown}
 r - 4 potions of degeneration {unknown}
Comestibles
 c - 13 rations


   Skills:
 * Level 4.0 Fighting
 * Level 3.6 Long Blades
 * Level 2.2 Armour
 * Level 3.7 Dodging
 - Level 2.8 Stealth
 * Level 0.0 Spellcasting


You had 4 spell levels left.
You didn't know any spells.
Your spell library was empty.

Dungeon Overview and Level Annotations

Branches:
Dungeon (4/15)
 Temple: D:4-7

Altars:
Ashenzari
Elyvilon
Fedhas
Nemelex Xobeh

Annotations:
D:3 3 runed translucent doors, TangoThomas's ghost, amateur HOSk


Innate Abilities, Weirdness & Mutations

You have sharp fingernails.
You have large cloven feet.
When hurt, damage is shared between your health and your magic reserves.


Message History

You hit the phantom.
The phantom is severely damaged.
The phantom blinks! x2
You hit the phantom.
The phantom is almost destroyed.
The phantom blinks!
You hit the phantom but do no damage.
The phantom is severely damaged.
You block the phantom's attack.
You miss the phantom.
The phantom is severely damaged.
The phantom hits you but does no damage.
You hit the phantom.
The phantom is almost destroyed.
The phantom hits you.
* * * LOW HITPOINT WARNING * * *
You closely miss the phantom.
The phantom is almost destroyed.
The phantom hits you!
You die...

* * * * ,
*** , ,,, #
* #.*###
**,, *
#.##.####
,,,
#.W.....##
,, , #
##.@.....+,
, +
##...#.##,
, ,#
##.##.# , ,
* ####.# ,
, #.# * #.#
*#+# #.#
#.# #.# #.#
#.# ##.##


You could see a phantom.

Vanquished Creatures
  A scorpion (D:4)
  A howler monkey (D:4)
  An iguana (D:4)
  4 adders
  4 gnolls (D:3)
  2 oozes (D:2)
  3 worms (D:2)
  A dart slug (D:3)
  2 leopard geckos (D:2)
  7 orcs
  3 bats
  3 giant cockroaches
  3 goblins
  5 hobgoblins
  6 kobolds
  3 frilled lizards
  8 rats
57 creatures vanquished.

Notes
Turn   | Place    | Note
-------+----------+-------------------------------------------
     0 | D:1      | Allula97 the Demonspawn Monk began the quest for the Orb.
     0 | D:1      | Reached XP level 1. HP: 18/18 MP: 1/1
   453 | D:1      | Gained mutation: When hurt, damage is shared between your
                  | health and your magic reserves. [demonic ancestry]
   453 | D:1      | Reached XP level 2. HP: 24/24 MP: 2/2
   816 | D:2      | Found a sparkling altar of Nemelex Xobeh.
   865 | D:2      | Reached XP level 3. HP: 21/29 MP: 1/3
   995 | D:2      | Reached skill level 1 in Armour
  1183 | D:2      | Found a white marble altar of Elyvilon.
  1339 | D:2      | Found a shattered altar of Ashenzari.
  1364 | D:2      | Became a worshipper of Ashenzari the Shackled
  1364 | D:2      | Reached * piety under Ashenzari
  1364 | D:2      | Reached ** piety under Ashenzari
  1390 | D:2      | Found a blossoming altar of Fedhas.
  1491 | D:3      | Found a runed translucent gate.
  1491 | D:3      | Found a runed translucent gate.
  1491 | D:3      | Found a runed translucent gate.
  1495 | D:3      | Noticed TangoThomas's ghost (amateur HOSk)
  1679 | D:3      | Gained mutation: You have large cloven feet. [demonic
                  | ancestry]
  1679 | D:3      | Reached XP level 4. HP: 33/35 MP: 4/4
  2696 | D:4      | Gained mutation: You have sharp fingernails. [demonic
                  | ancestry]
  2696 | D:4      | Reached XP level 5. HP: 40/42 MP: 5/5
  2866 | D:4      | Reached skill level 4 in Fighting
  3134 | D:4      | Noticed a phantom
  3197 | D:4      | Slain by a phantom

Illustrated notes

Levels and vault maps discovered:
D:1:      nicolae_arrival_somewhat_less_tricky_arrival, layout_basic
D:2:      layout_basic, old_standard_altar, ashenzari_conservatory_becter,
          old_standard_altar, nemelex_dance_club_becter
D:3:      layout_basic, gammafunk_ghost_necromancy, first_ration,
          minmay_door_square
D:4:      layout_loops_corners

Skill      XL: |  1  2  3  4  5 |
---------------+----------------+-----
Stealth        | 2 |  2.8
Dodging        | 3 |  3.7
Long Blades    | 3 |  3.6
Armour         | 1 2 |  2.2
Fighting       | 4 |  4.0

Action                   |  1- 3 |  4- 6 || total
-------------------------+-------+-------++-------
Melee: Falchion          |   108 |   132 ||   240
Throw: Javelin           |     2 |     5 ||     7
Invok: Curse Item        |       |     1 ||     1
  Use: Scroll            |     3 |       ||     3
       Potion            |       |     3 ||     3
 Stab: Sleeping          |     6 |     2 ||     8
  Eat: Chunk             |     2 |     5 ||     7
Armor: Robe              |     1 |       ||     1
       Leather armour    |    14 |    14 ||    28
Dodge: Dodged            |    72 |    72 ||   144
Block: Other             |       |    26 ||    26
       Reflection        |       |     1 ||     1
       Buckler           |       |     6 ||     6
       Rpst.: Falchion   |    21 |    20 ||    41
